 Dungeon Crawl Stone Soup version 0.21.1-1-g345015f (webtiles) character file.

10 tidbits the Grave Robber (level 2, -4/20 HPs)
             Began as a Gnoll Necromancer on June 26, 2018.
             Killed from afar by Sigmund (8 damage)
             ... with a magic dart
             ... on level 2 of the Dungeon.
             The game lasted 00:02:07 (195 turns).

tidbits the Grave Robber (Gnoll Necromancer)         Turns: 195, Time: 00:02:08

Health: -4/20      AC:  2    Str: 10    XL:     2   Next: 20%
Magic:  4/7        EV: 14    Int: 17    God:
Gold:   23         SH:  0    Dex: 15    Spells: 8/10 levels left

rFire    + . .     SeeInvis .   a - +0 short sword
rCold    + . .     Gourm    .   (no shield)
rNeg     . . .     Faith    .   B - +0 robe
rPois    +         Spirit   .   (no helmet)
rElec    +         Reflect  .   (no cloak)
rCorr    +         Harm     .   (no gloves)
MR       .....                  (no boots)
Stlth    +.........             (no amulet)
HPRegen  0.06/turn              (no ring)
MPRegen  0.10/turn              (no ring)

@: confused, resistant
A: distributed training, fangs 1, strong nose
a: no special abilities


You were on level 2 of the Dungeon.
You were not hungry.

You visited 1 branch of the dungeon, and saw 2 of its levels.

You collected 23 gold pieces.

Inventory:

Hand Weapons
 a - a +0 short sword (weapon)
 e - a +0 whip
Missiles
 d - 17 sling bullets
 k - 22 arrows
Armour
 i - a +0 ring mail
 B - a +0 robe (worn)
Scrolls
 f - a scroll of noise
 j - a scroll of random uselessness
 l - a scroll of fog
Books
 b - a book of Necromancy

   Spells                             Type                      Level
   a - Pain                           Necromancy                   1
   b - Animate Skeleton               Necromancy                   1
   c - Vampiric Draining              Necromancy                   3
   d - Regeneration                   Charms/Necromancy            3
   e - Animate Dead                   Necromancy                   4
   f - Borgnjor's Vile Clutch         Necromancy/Earth             5
Comestibles
 c - a ration


   Skills:
 + Level 0.3 Fighting
 + Level 0.3 Short Blades
 + Level 0.3 Long Blades
 + Level 0.3 Axes
 + Level 0.3 Maces & Flails
 + Level 0.3 Polearms
 + Level 0.3 Staves
 + Level 0.3 Slings
 + Level 0.3 Bows
 + Level 0.3 Crossbows
 + Level 0.3 Throwing
 + Level 0.3 Armour
 + Level 4.4 Dodging
 + Level 4.0 Stealth
 + Level 0.3 Shields
 + Level 0.3 Unarmed Combat
 + Level 4.9 Spellcasting
 + Level 0.2 Conjurations
 + Level 0.2 Hexes
 + Level 0.2 Charms
 + Level 0.2 Summonings
 + Level 7.0 Necromancy
 + Level 0.2 Translocations
 + Level 0.2 Transmutations
 + Level 0.2 Fire Magic
 + Level 0.2 Ice Magic
 + Level 0.2 Air Magic
 + Level 0.2 Earth Magic
 + Level 0.2 Poison Magic
 + Level 0.4 Invocations
 + Level 0.3 Evocations


You had 8 spell levels left.
You knew the following spells:

 Your Spells              Type           Power        Failure   Level  Hunger
a - Pain                  Necr           ####         1%          1    None
n - Animate Skeleton      Necr           N/A          1%          1    None


Dungeon Overview and Level Annotations

Branches:
Dungeon (2/15)

Altars:

Annotations:
D:2 Sigmund


Innate Abilities, Weirdness & Mutations

Your experience applies equally to all skills.
You have very sharp teeth.
Your uncanny sense of smell can sniff out nearby items.


Message History

You now have 23 gold pieces (gained 7).
There is a stone staircase leading down here.
Adjust (i)tems, (s)pells, or (a)bilities?
Adjust which item? (? for menu, Esc to quit)
h - a +0 robe (worn)
Adjust to which letter? (? for menu, Esc to quit)
B - a +0 robe (worn)
As you read the scroll labeled KEUNYGE OCHOARR, it crumbles to dust.
It is a scroll of identify.
l - a scroll of fog
As you read the scroll of identify, it crumbles to dust.
j - a scroll of random uselessness You climb downwards.
There is a stone staircase leading up here.
Unknown command.
Found 12 stones.
Unknown command.
Found 9 gold pieces.
Found a scroll of identify.
You see here a scroll of identify.
As you read the scroll of identify, it crumbles to dust.
f - a scroll of noise
Found an orange potion.
A frilled lizard comes into view.
Unknown command.
Casting: Pain
Confirm with . or Enter, or press ? or * to list all spells.
Aiming: Pain
Press: ? - help, Shift-Dir - straight line, f - frilled lizard
Aim: a frilled lizard (resting, chance to defeat MR: 93%)
The frilled lizard hisses angrily.
The frilled lizard barely resists.
Casting: Pain
Confirm with . or Enter, or press ? or * to list all spells.
Aiming: Pain
Press: ? - help, Shift-Dir - straight line, f/p - frilled lizard
Aim: a frilled lizard (chance to defeat MR: 93%)
The frilled lizard writhes in agony!
Casting: Pain
Confirm with . or Enter, or press ? or * to list all spells.
Aiming: Pain
Press: ? - help, Shift-Dir - straight line, f/p - frilled lizard
Aim: a frilled lizard (heavily wounded, chance to defeat MR: 93%)
The frilled lizard writhes in agony!
You kill the frilled lizard!
You see here an orange potion.
g - an orange potion A goblin comes into view.
It is wielding a club.
Found a centaur barding.
Casting: Pain
Confirm with . or Enter, or press ? or * to list all spells.
Aiming: Pain
Press: ? - help, Shift-Dir - straight line, f - goblin
Aim: a goblin, wielding a club (resting, chance to defeat MR: 93%)
The goblin shouts!
The goblin writhes in agony!
You kill the goblin!
Found a ring mail.
A jackal comes into view.
Sigmund the Dreaded comes into view.
He is wielding a scythe.
Press: ? - help, v - describe, . - travel
Here: Sigmund, wielding a scythe and wearing a robe (resting)
The floor.
Placed new exclusion.
Really walk into a travel-excluded area?
Unknown command.
Casting: Pain
Confirm with . or Enter, or press ? or * to list all spells.
Aiming: Pain
Press: ? - help, Shift-Dir - straight line, f - Sigmund
Aim: Sigmund, wielding a scythe and wearing a robe (resting, chance to defeat MR: 89%) Sigmund shouts!
Sigmund writhes in agony!
Casting: Pain
Confirm with . or Enter, or press ? or * to list all spells.
Aiming: Pain
Press: ? - help, Shift-Dir - straight line, f/p - Sigmund
Aim: Sigmund, wielding a scythe and wearing a robe (lightly wounded, chance to defeat MR: 89%) Sigmund writhes in agony!
Sigmund gestures wildly while chanting.
Sigmund flickers and vanishes!
Unknown command.
Casting: Pain
Confirm with . or Enter, or press ? or * to list all spells.
Aiming: Pain
Press: ? - help, Shift-Dir - straight line Nothing appears to happen.
You are confused.
It was a potion of resistance.
You feel protected.
An adder comes into view.
You're too confused to cast spells.
You're too confused!
Unknown command.
You bump into the rock wall.
The adder hisses angrily.
The adder moves out of view.
A magic dart appears from out of thin air!
The magic dart hits you!
You die...

#.............#....#
#..........[..#....#
∆#.............##...#
#.............##...#
#....#......####...#
#............## #...#
#.#...........# #...#
#......##.....###...#
#.#.... #..@..†.....#
#.#.... #.........###
### #. #.........#
#.# ..
#.........########.#
.
####.......$#....#.#
#...........#.##.#.#
#...........#.#...<.
#....####.....#..###
####.#.....####...


There were no monsters in sight!

Vanquished Creatures
  A giant cockroach (D:1)
  4 goblins
  A hobgoblin (D:1)
  A frilled lizard (D:2)
  2 kobolds (D:1)
  A rat (D:1)
10 creatures vanquished.

Notes
Turn   | Place    | Note
-------+----------+-------------------------------------------
     0 | D:1      | tidbits the Gnoll Necromancer began the quest for the Orb.
     0 | D:1      | Reached XP level 1. HP: 13/13 MP: 6/6
    38 | D:1      | Reached XP level 2. HP: 6/19 MP: 0/7
    41 | D:1      | Learned a level 1 spell: Animate Skeleton
   176 | D:2      | Noticed Sigmund
   195 | D:2      | Killed from afar by Sigmund

Action                   || total
-------------------------++-------
 Cast: Pain              ||    20
  Use: Scroll            ||     3
       Potion            ||     1
Dodge: Dodged            ||     3

Table legend:
 A = Turns spent in this place as a percentage of turns spent in the entire game.
 B = Non-inter-level travel turns spent in this place as a percentage of non-inter-level travel turns spent in the entire game.
 C = Inter-level travel turns spent in this place as a percentage of turns spent in this place.
 D = Turns resting spent in this place as a percentage of non-inter-level travel turns spent in this place.
 E = Turns spent auto-exploring this place as a percentage of non-inter-level travel turns spent in this place.
 F = Non-inter-level travel turns spent in this place divided by the number of levels of this place that you've seen.
                   A       B       C       D       E      F
               +-------+-------+-------+-------+-------+----------------------
         Total | 100.0 | 100.0 |   0.0 |   0.0 |   0.0 |  97.5
       Dungeon | 100.0 | 100.0 |   0.0 |   0.0 |   0.0 |  97.5
               +-------+-------+-------+-------+-------+----------------------

Table legend:
 A = Kills in this place as a percentage of kills in entire the game.
 B = Kills by you in this place as a percentage of kills by you in the entire game.
 C = Kills by friends in this place as a percentage of kills by friends in the entire game.
 D = Other kills in this place as a percentage of other kills in the entire game.
 E = Experience gained in this place as a percentage of experience gained in the entire game.
 F = Experience gained in this place divided by the number of levels of this place that you have seen.
                   A       B       C       D       E      F
               +-------+-------+-------+-------+-------+----------------------
         Total | 100.0 | 100.0 |   N/A |   N/A | 100.0 |   7.5
       Dungeon | 100.0 | 100.0 |   N/A |   N/A | 100.0 |   7.5
               +-------+-------+-------+-------+-------+----------------------

Vault maps used:
D:1:      dpeg_arrival_houses_and_road, minmay_nonomino_d4
D:2:      overflow_temple_1_default, uniq_sigmund, uniq_robin
